 Dungeon Crawl Stone Soup version 0.29-a0-270-g1586fc07ea (webtiles) character file.

Game seed: 6598343786509574090

9678 sanka the Reanimator (level 11, -4/82 HPs)
             Began as a Gnoll Wanderer on Mar 5, 2022.
             Was a High Priest of Okawaru.
             Slain by a yak (13 damage)
             ... on level 1 of the Lair of Beasts on Mar 7, 2022.
             The game lasted 00:26:50 (13379 turns).

sanka the Reanimator (Gnoll Wanderer)              Turns: 13379, Time: 00:26:50

Health: -4/82      AC: 19    Str: 14    XL:     11   Next: 50%
Magic:  6/21       EV: 14    Int: 12    God:    Okawaru [*****.]
Gold:   715        SH:  0    Dex: 13    Spells: 16/24 levels left

rFire   . . .      SeeInvis .   a - +5 halberd (protect)
rCold   . . .      Faith    .   (shield currently unavailable)
rNeg    . . .      Spirit   .   T - +2 robe {Archmagi}
rPois   .          Reflect  .   (no helmet)
rElec   .          Harm     .   J - +0 cloak
rCorr   .          Rampage  .   G - +0 pair of gloves
Will    .....      Archmagi +   L - +0 pair of boots
Stlth   +++.......              q - amulet of magic regeneration
HPRegen 0.23/turn               s - +4 ring of slaying
MPRegen 0.57/turn               K - +4 ring of protection

@: under a protective aura
A: fangs 1, strong nose, distributed training
a: Renounce Religion, Heroism, Finesse, Duel


You were on level 1 of the Lair of Beasts.
You worshipped Okawaru.
Okawaru was extremely pleased with you.
You visited 2 branches of the dungeon, and saw 11 of its levels.
You also visited: Sewer.

You collected 715 gold pieces.


Innate Abilities, Weirdness & Mutations

You have very sharp teeth.
Your uncanny sense of smell can sniff out nearby items.
Your experience applies equally to all skills.


   Skills:
 + Level 6.3 Fighting
 + Level 6.3 Short Blades
 + Level 6.3 Long Blades
 + Level 6.3 Axes
 + Level 6.3 Maces & Flails
 + Level 6.9 Polearms
 + Level 6.3 Staves
 + Level 6.3 Slings
 + Level 6.3 Bows
 + Level 6.3 Crossbows
 + Level 6.3 Throwing
 + Level 6.3 Armour
 + Level 6.9 Dodging
 + Level 6.8 Stealth
 + Level 6.9 Shields
 + Level 6.3 Unarmed Combat
 + Level 7.0 Spellcasting
 + Level 5.2 Conjurations
 + Level 5.2 Hexes
 + Level 5.2 Summonings
 + Level 10.3 Necromancy
 + Level 5.2 Translocations
 + Level 5.2 Transmutations
 + Level 5.2 Fire Magic
 + Level 5.2 Ice Magic
 + Level 5.2 Air Magic
 + Level 5.2 Earth Magic
 + Level 5.2 Poison Magic
 + Level 7.0 Invocations
 + Level 6.3 Evocations


You had 16 spell levels left.
You knew the following spells:

 Your Spells              Type           Power      Damage    Failure   Level
q - Dispel Undead         Necr           43%        3d17      2%          4
x - Vampiric Draining     Necr           43%        2d9       1%          3
z - Pain                  Necr           100%       1d9       1%          1

Your spell library contained the following spells:

 Spells                   Type           Power      Damage    Failure   Level
 Sublimation of Blood     Necr           43%        N/A       1%          2
 Blink                    Tloc           50%        N/A       2%          2
 Ensorcelled Hibernation  Hex/Ice        50%        N/A       2%          2
 Passwall                 Tmut/Erth      20%        N/A       2%          2
 Static Discharge         Conj/Air       25%        N/A       2%          2
 Conjure Flame            Conj/Fire      25%        6-21      5%          3
 Gell's Gravitas          Tloc           25%        N/A       5%          3
 Ignite Poison            Fire/Tmut/Pois 25%        N/A       5%          3
 Lesser Beckoning         Tloc           25%        N/A       5%          3
 Swiftness                Air            25%        N/A       5%          3
 Teleport Other           Tloc           25%        N/A       5%          3
 Petrify                  Tmut/Erth      25%        N/A       19%         4
 Sticky Flame             Conj/Fire      25%        2d5       19%         4
 Borgnjor's Vile Clutch   Necr/Erth      17%        N/A       19%         5
 Alistair's Intoxication  Tmut/Pois      16%        N/A       45%         5
 Irradiate                Conj/Tmut      12%        3d17      45%         5
 Manifold Assault         Tloc           25%        N/A       45%         5
 Metabolic Englaciation   Hex/Ice        12%        N/A       45%         5
 Dispersal                Tloc           12%        N/A       96%         6
 Eringya's Noxious Bog    Tmut/Pois      12%        N/A       96%         6
 Statue Form              Tmut/Erth      16%        N/A       96%         6
 Borgnjor's Revivificati  Necr           21%        N/A       100%        8
 Necromutation            Tmut/Necr      17%        N/A       100%        8
 Death's Door             Necr           21%        N/A       100%        9

Inventory:

Hand Weapons
 a - a +5 halberd of protection (weapon)
 y - a +0 war axe
 B - a +0 scimitar
Missiles
 d - 5 silver javelins
 e - a throwing net {=f}
 j - 4 boomerangs
 n - 8 curare-tipped darts {=f}
 F - 40 poisoned darts (quivered)
Armour
 b - a +0 buckler
 x - a +0 troll leather armour
 G - a +0 pair of gloves (worn)
 H - a +1 leather armour of cold resistance
 J - a +0 cloak (worn)
 L - a +0 pair of boots (worn)
 T - a +2 robe of the Archmagi (worn)
Magical Staves
 k - a staff of air
Jewellery
 c - a ring of protection from cold
 h - a ring of protection from cold
 q - an amulet of magic regeneration (around neck)
 s - a +4 ring of slaying (left hand)
 K - a +4 ring of protection (right hand)
 P - a +6 ring of intelligence
 R - a ring of fire
Wands
 o - a wand of iceblast (11)
 E - a wand of polymorph (10)
 I - a wand of acid (9)
Scrolls
 f - 3 scrolls of fear
 l - 5 scrolls of teleportation {@r4}
 m - a scroll of blinking
 v - 6 scrolls of enchant armour
 C - a scroll of immolation {!r}
 M - a scroll of brand weapon
 O - a scroll of amnesia
 S - 2 scrolls of fog
Potions
 g - 2 potions of mutation {unknown}
 i - 4 potions of curing {@q1}
 p - 3 potions of heal wounds {@q2}
 r - 2 potions of degeneration {unknown}
 t - 4 potions of might
 u - a potion of brilliance {unknown}
 w - 2 potions of attraction {unknown}
 z - 2 potions of haste {unknown}
 A - 2 potions of lignification {unknown}
 D - 2 potions of flight {unknown}
 N - a potion of cancellation {unknown}
 U - 2 potions of ambrosia {unknown}

Dungeon Overview and Level Annotations

Branches:
Dungeon (10/15)            Temple (0/1) D:6            Lair (1/6) D:10
  Sewer (visited)
    Orc: D:9-12

Altars:
Cheibriados
Fedhas
Hepliaklqana
Okawaru
Qazlal
Ru
Vehumet
Beogh

Shops:
D:2 :   D:4 *

Annotations:
D:6 2 runed translucent doors, bmj180's ghost, novice DsNe

▒▒....................... ▒
▒▒........................
.▒.▒.................▒.......
...................▒▒▒▒......
.................▒▒▒ ▒▒▒....
▒.............▒▒ ▒▒▒..
▒▒....▒..YYY▒▒▒ ▒▒▒
▒.Y.Y▒▒▒▒.YY▒▒ P ...Y. ▒▒▒g▒
▒▒ ..Y. ▒▒▒ ..Y Y. .


You could see 5 yaks.


Message History

The yak closely misses you.
Unknown command.
You closely miss the yak.
The yak is moderately wounded.
The yak gores you but does no damage. The yak gores you but does no damage.
You puncture the yak!
The yak is severely wounded.
The yak gores you but does no damage. The yak gores you but does no damage.
The yak misses you.
You slash the yak!
You kill the yak!
Okawaru accepts your kill. The yak closely misses you.
Your Invocations skill increases to level 7!
You puncture the yak!
The yak is moderately wounded.
The yak closely misses you. The yak gores you but does no damage.
You hit the yak but do no damage.
The yak is moderately wounded.
The yak closely misses you. The yak gores you.
* * * LOW HITPOINT WARNING * * *
You closely miss the yak.
The yak is moderately wounded.
The yak barely misses you. The yak gores you!
You die...

Action                   |  1- 3 |  4- 6 |  7- 9 | 10-12 || total
-------------------------+-------+-------+-------+-------++-------
Melee: Spear             |     7 |    63 |       |       ||    70
       Bite              |       |     5 |    16 |    34 ||    55
       War axe           |       |     1 |    16 |       ||    17
       Scimitar          |       |       |   108 |       ||   108
       Halberd           |       |       |    61 |   295 ||   356
Throw: Dart              |       |       |     5 |    11 ||    16
 Cast: Pain              |    52 |    70 |    17 |     3 ||   142
       Vampiric Draining |     1 |    14 |    52 |    28 ||    95
       Dispel Undead     |       |       |     4 |       ||     4
Invok: Heroism           |       |     1 |     2 |     5 ||     8
  Use: Scroll            |       |       |     9 |     4 ||    13
 Stab: Sleeping          |       |     2 |     3 |     3 ||     8
       Distracted        |       |       |     1 |     2 ||     3
Armor: Robe              |     2 |     4 |    18 |    41 ||    65
       Leather armour    |       |       |    62 |    36 ||    98
       Troll leather arm |       |       |       |    39 ||    39
Dodge: Dodged            |     6 |    29 |   180 |   255 ||   470
Block: Buckler           |     4 |    17 |    55 |       ||    76

Levels and vault maps discovered:
D:1:      lemuel_arrival_broad_hall, layout_basic,
          dreamdust_ecumenical_altar_drowned_temple
D:2:      layout_rooms, serial_shops, nicolae_square_shop, minmay_octomino_j4
D:3:      layout_basic, portal_sewer_entry_d
D:4:      layout_cave_pools, nicolae_ru_sacrificial_ziggurat,
          mainiacjoe_overflow_six_doors_small, dk_vineyard_2, minivault_27,
          nicolae_shop_gadgets
D:5:      layout_rooms, minmay_fractal_squares_diagonal_5, uniq_eustachio
D:6:      layout_loops_cross, minmay_temple_entry_drinking_statues,
          ebering_ghost_sewer_f, serial_bayou_crossing
D:7:      layout_rooms
D:8:      layout_layer_cave, nicolae_vehumet_altar_sigil, grunt_decor_arrowhead
D:9:      layout_gridville, mainiacjoe_overflow_catwalk, special_room
          [special_room_orc], nicolae_fountain_basement
D:10:     layout_big_octagon, amcnicky_altar_gilded, fedhas_ov_isle_minmay,
          lair_entry_dummy, serial_column_ruins, column_ruins_hut_ruined,
          column_ruins_grid_2, column_ruins_corridor_corner,
          column_ruins_columns_dead_end, column_ruins_columns_plus,
          column_ruins_columns_corner, column_ruins_corridor_straight,
          minmay_misc_feat_ornament, grunt_decor_mini_mirrors
Lair:1:   layout_cave_pods, grunt_megastairs_4

Notes
Turn   | Place    | Note
-------+----------+-------------------------------------------
     0 | D:1      | sanka the Gnoll Wanderer began the quest for the Orb.
     0 | D:1      | sanka set off with the following items: a +0 spear, a +0
                  | buckler, a +0 robe; and the following spell memorised:
                  | Pain; and the following spells available to memorise:
                  | Vampiric Draining, Dispel Undead
     0 | D:1      | Reached XP level 1. HP: 13/13 MP: 4/4
   257 | D:1      | Found a faded altar of an unknown god.
   270 | D:1      | Prayed at the altar of an unknown god.
   270 | D:1      | Became a worshipper of Warmaster Okawaru
   270 | D:1      | Reached * piety under Okawaru
   339 | D:1      | Reached XP level 2. HP: 15/19 MP: 2/5
  1467 | D:2      | Reached XP level 3. HP: 8/25 MP: 1/7
  1696 | D:2      | Reached skill level 1 in Invocations
  1708 | D:2      | Learned a level 3 spell: Vampiric Draining
  1711 | D:2      | Reached skill level 1 in Fighting
  1711 | D:2      | Reached skill level 1 in Short Blades
  1711 | D:2      | Reached skill level 1 in Long Blades
  1711 | D:2      | Reached skill level 1 in Axes
  1711 | D:2      | Reached skill level 1 in Maces & Flails
  1711 | D:2      | Reached skill level 1 in Staves
  1711 | D:2      | Reached skill level 1 in Slings
  1711 | D:2      | Reached skill level 1 in Bows
  1711 | D:2      | Reached skill level 1 in Crossbows
  1711 | D:2      | Reached skill level 1 in Throwing
  1711 | D:2      | Reached skill level 1 in Armour
  1711 | D:2      | Reached skill level 1 in Unarmed Combat
  1711 | D:2      | Reached skill level 1 in Evocations
  1794 | D:2      | Found Ojoet's Book Boutique.
  1852 | D:2      | Reached XP level 4. HP: 10/32 MP: 1/8
  2164 | D:2      | Reached skill level 3 in Spellcasting
  2264 | D:2      | Reached skill level 1 in Conjurations
  2264 | D:2      | Reached skill level 1 in Hexes
  2264 | D:2      | Reached skill level 1 in Summonings
  2264 | D:2      | Reached skill level 1 in Translocations
  2264 | D:2      | Reached skill level 1 in Transmutations
  2264 | D:2      | Reached skill level 1 in Fire Magic
  2264 | D:2      | Reached skill level 1 in Ice Magic
  2264 | D:2      | Reached skill level 1 in Air Magic
  2264 | D:2      | Reached skill level 1 in Earth Magic
  2264 | D:2      | Reached skill level 1 in Poison Magic
  2634 | D:3      | Reached XP level 5. HP: 33/37 MP: 4/9
  2839 | D:3      | Found a glowing drain.
  2853 | Sewer    | Entered a sewer
  2898 | Sewer    | Noticed a water moccasin
  2922 | Sewer    | Killed a water moccasin
  2922 | Sewer    | Reached ** piety under Okawaru
  2923 | Sewer    | Reached skill level 3 in Polearms
  2923 | Sewer    | Reached skill level 3 in Dodging
  2923 | Sewer    | Reached skill level 3 in Stealth
  2923 | Sewer    | Reached skill level 3 in Shields
  2923 | Sewer    | Reached skill level 2 in Invocations
  2923 | Sewer    | Reached XP level 6. HP: 31/44 MP: 1/11
  3572 | D:3      | Reached skill level 2 in Fighting
  3572 | D:3      | Reached skill level 2 in Short Blades
  3572 | D:3      | Reached skill level 2 in Long Blades
  3572 | D:3      | Reached skill level 2 in Axes
  3572 | D:3      | Reached skill level 2 in Maces & Flails
  3572 | D:3      | Reached skill level 2 in Staves
  3572 | D:3      | Reached skill level 2 in Slings
  3572 | D:3      | Reached skill level 2 in Bows
  3572 | D:3      | Reached skill level 2 in Crossbows
  3572 | D:3      | Reached skill level 2 in Throwing
  3572 | D:3      | Reached skill level 2 in Armour
  3572 | D:3      | Reached skill level 2 in Unarmed Combat
  3572 | D:3      | Reached skill level 2 in Evocations
  4236 | D:4      | Noticed an orc warrior
  4245 | D:4      | Killed an orc warrior
  4246 | D:4      | Reached skill level 9 in Necromancy
  4246 | D:4      | Reached XP level 7. HP: 25/51 MP: 3/12
  4558 | D:4      | Found a sacrificial altar of Ru.
  4626 | D:4      | Reached skill level 2 in Conjurations
  4626 | D:4      | Reached skill level 2 in Hexes
  4626 | D:4      | Reached skill level 2 in Summonings
  4626 | D:4      | Reached skill level 2 in Translocations
  4626 | D:4      | Reached skill level 2 in Transmutations
  4626 | D:4      | Reached skill level 2 in Fire Magic
  4626 | D:4      | Reached skill level 2 in Ice Magic
  4626 | D:4      | Reached skill level 2 in Air Magic
  4626 | D:4      | Reached skill level 2 in Earth Magic
  4626 | D:4      | Reached skill level 2 in Poison Magic
  4871 | D:4      | Reached *** piety under Okawaru
  4872 | D:4      | Reached skill level 3 in Invocations
  5015 | D:4      | Found a stormy altar of Qazlal.
  5172 | D:4      | Found Ofeixor's Gadget Gallery.
  5392 | D:4      | Reached skill level 4 in Spellcasting
  5397 | D:4      | HP: 5/51 [poisoned by a scorpion]
  5401 | D:4      | HP: 2/51 [poisoned by a scorpion]
  5747 | D:5      | Entered Level 5 of the Dungeon
  5760 | D:5      | Reached XP level 8. HP: 55/57 MP: 14/14
  5797 | D:5      | Reached skill level 3 in Fighting
  5797 | D:5      | Reached skill level 3 in Short Blades
  5797 | D:5      | Reached skill level 3 in Long Blades
  5797 | D:5      | Reached skill level 3 in Axes
  5797 | D:5      | Reached skill level 3 in Maces & Flails
  5797 | D:5      | Reached skill level 4 in Polearms
  5797 | D:5      | Reached skill level 3 in Staves
  5797 | D:5      | Reached skill level 3 in Slings
  5797 | D:5      | Reached skill level 3 in Bows
  5797 | D:5      | Reached skill level 3 in Crossbows
  5797 | D:5      | Reached skill level 3 in Throwing
  5797 | D:5      | Reached skill level 3 in Armour
  5797 | D:5      | Reached skill level 4 in Dodging
  5797 | D:5      | Reached skill level 4 in Shields
  5797 | D:5      | Reached skill level 3 in Unarmed Combat
  5797 | D:5      | Reached skill level 3 in Evocations
  5825 | D:5      | Noticed Eustachio
  5836 | D:5      | Killed Eustachio
  5837 | D:5      | Reached skill level 4 in Stealth
  6046 | D:5      | Reached **** piety under Okawaru
  6061 | D:5      | Reached skill level 3 in Conjurations
  6061 | D:5      | Reached skill level 3 in Hexes
  6061 | D:5      | Reached skill level 3 in Summonings
  6061 | D:5      | Reached skill level 3 in Translocations
  6061 | D:5      | Reached skill level 3 in Transmutations
  6061 | D:5      | Reached skill level 3 in Fire Magic
  6061 | D:5      | Reached skill level 3 in Ice Magic
  6061 | D:5      | Reached skill level 3 in Air Magic
  6061 | D:5      | Reached skill level 3 in Earth Magic
  6061 | D:5      | Reached skill level 3 in Poison Magic
  6061 | D:5      | Reached skill level 4 in Invocations
  6085 | D:5      | Reached XP level 9. HP: 21/65 MP: 2/16
  6416 | D:5      | Learned a level 4 spell: Dispel Undead
  6802 | D:6      | Found a runed translucent door.
  6806 | D:6      | Noticed bmj180's ghost (novice DsNe)
  6846 | D:6      | Received a gift from Okawaru
  6944 | D:6      | Reached skill level 4 in Fighting
  6944 | D:6      | Reached skill level 4 in Short Blades
  6944 | D:6      | Reached skill level 4 in Long Blades
  6944 | D:6      | Reached skill level 4 in Axes
  6944 | D:6      | Reached skill level 4 in Maces & Flails
  6944 | D:6      | Reached skill level 4 in Staves
  6944 | D:6      | Reached skill level 4 in Slings
  6944 | D:6      | Reached skill level 4 in Bows
  6944 | D:6      | Reached skill level 4 in Crossbows
  6944 | D:6      | Reached skill level 4 in Throwing
  6944 | D:6      | Reached skill level 4 in Armour
  6944 | D:6      | Reached skill level 4 in Unarmed Combat
  6944 | D:6      | Reached skill level 4 in Evocations
  6970 | D:6      | Reached skill level 5 in Spellcasting
  7091 | D:6      | Found a staircase to the Ecumenical Temple.
  7360 | D:6      | Found a runed translucent door.
  7597 | D:7      | Reached skill level 5 in Polearms
  7597 | D:7      | Reached skill level 5 in Dodging
  7597 | D:7      | Reached skill level 5 in Shields
  7947 | D:7      | Reached skill level 5 in Stealth
  7948 | D:7      | Noticed a kobold demonologist
  7952 | D:7      | Noticed an orange demon
  7958 | D:7      | Killed a kobold demonologist
  8137 | D:7      | Reached skill level 5 in Invocations
  8612 | D:8      | Upgraded the game from 0.29-a0-251-g80730f7218 to
                  | 0.29-a0-270-g1586fc07ea
  8641 | D:8      | Found a radiant altar of Vehumet.
  8726 | D:8      | Reached ***** piety under Okawaru
  9032 | D:8      | Reached skill level 4 in Conjurations
  9032 | D:8      | Reached skill level 4 in Hexes
  9032 | D:8      | Reached skill level 4 in Summonings
  9032 | D:8      | Reached skill level 4 in Translocations
  9032 | D:8      | Reached skill level 4 in Transmutations
  9032 | D:8      | Reached skill level 4 in Fire Magic
  9032 | D:8      | Reached skill level 4 in Ice Magic
  9032 | D:8      | Reached skill level 4 in Air Magic
  9032 | D:8      | Reached skill level 4 in Earth Magic
  9032 | D:8      | Reached skill level 4 in Poison Magic
  9032 | D:8      | Reached XP level 10. HP: 72/73 MP: 10/18
  9339 | D:8      | Noticed a two-headed ogre
  9348 | D:8      | Killed a two-headed ogre
  9348 | D:8      | Received a gift from Okawaru
  9349 | D:8      | Reached skill level 5 in Fighting
  9349 | D:8      | Reached skill level 5 in Short Blades
  9349 | D:8      | Reached skill level 5 in Long Blades
  9349 | D:8      | Reached skill level 5 in Axes
  9349 | D:8      | Reached skill level 5 in Maces & Flails
  9349 | D:8      | Reached skill level 5 in Staves
  9349 | D:8      | Reached skill level 5 in Slings
  9349 | D:8      | Reached skill level 5 in Bows
  9349 | D:8      | Reached skill level 5 in Crossbows
  9349 | D:8      | Reached skill level 5 in Throwing
  9349 | D:8      | Reached skill level 5 in Armour
  9349 | D:8      | Reached skill level 5 in Unarmed Combat
  9349 | D:8      | Reached skill level 5 in Evocations
  9816 | D:9      | Reached skill level 6 in Spellcasting
 10184 | D:9      | Received a gift from Okawaru
 10280 | D:9      | Reached skill level 6 in Polearms
 10280 | D:9      | Reached skill level 6 in Dodging
 10280 | D:9      | Reached skill level 6 in Shields
 10518 | D:9      | Reached skill level 6 in Stealth
 10518 | D:9      | Reached skill level 6 in Invocations
 10795 | D:9      | Found a hazy altar of Hepliaklqana.
 10968 | D:9      | Noticed a two-headed ogre
 11023 | D:9      | Reached skill level 10 in Necromancy
 11403 | D:10     | Entered Level 10 of the Dungeon
 11451 | D:10     | Found a staircase to the Lair.
 11452 | D:10     | Noticed a gargoyle
 11471 | D:10     | Killed a gargoyle
 11545 | D:10     | Found a blossoming altar of Fedhas.
 11791 | D:10     | Reached XP level 11. HP: 74/81 MP: 20/20
 11887 | D:10     | Found a snail-covered altar of Cheibriados.
 12351 | D:10     | Identified a +2 robe of the Archmagi
 12816 | D:9      | Found a hazy altar of Hepliaklqana.
 12981 | D:9      | Killed a two-headed ogre
 12981 | D:9      | Received a gift from Okawaru
 12982 | D:9      | Reached skill level 6 in Fighting
 12982 | D:9      | Reached skill level 6 in Short Blades
 12982 | D:9      | Reached skill level 6 in Long Blades
 12982 | D:9      | Reached skill level 6 in Axes
 12982 | D:9      | Reached skill level 6 in Maces & Flails
 12982 | D:9      | Reached skill level 6 in Staves
 12982 | D:9      | Reached skill level 6 in Slings
 12982 | D:9      | Reached skill level 6 in Bows
 12982 | D:9      | Reached skill level 6 in Crossbows
 12982 | D:9      | Reached skill level 6 in Throwing
 12982 | D:9      | Reached skill level 6 in Armour
 12982 | D:9      | Reached skill level 6 in Unarmed Combat
 12982 | D:9      | Reached skill level 5 in Conjurations
 12982 | D:9      | Reached skill level 5 in Hexes
 12982 | D:9      | Reached skill level 5 in Summonings
 12982 | D:9      | Reached skill level 5 in Translocations
 12982 | D:9      | Reached skill level 5 in Transmutations
 12982 | D:9      | Reached skill level 5 in Fire Magic
 12982 | D:9      | Reached skill level 5 in Ice Magic
 12982 | D:9      | Reached skill level 5 in Air Magic
 12982 | D:9      | Reached skill level 5 in Earth Magic
 12982 | D:9      | Reached skill level 5 in Poison Magic
 12982 | D:9      | Reached skill level 6 in Evocations
 13177 | Lair:1   | Entered Level 1 of the Lair of Beasts
 13313 | Lair:1   | Received a gift from Okawaru
 13367 | Lair:1   | Reached skill level 7 in Spellcasting
 13377 | Lair:1   | Reached skill level 7 in Invocations
 13379 | Lair:1   | Slain by a yak

Vanquished Creatures
  2 two-headed ogres
  A black mamba (Lair:1)
  A gargoyle (D:10)
  A kobold demonologist (D:7)
  2 trolls (D:9)
  10 yaks (Lair:1)
  Eustachio (D:5)
  2 wyverns
  A steam dragon (D:10)
  3 water moccasins
  An acid dragon (D:10)
  7 orc warriors
  A sky beast (D:8)
  2 black bears
  An ogre (D:4)
  4 wolves (Lair:1)
  7 centaurs
  2 phantoms
  A gnoll sergeant (D:7)
  6 kobold brigands
  2 bullfrogs
  5 scorpions
  14 wights
  3 killer bees (D:7)
  2 howler monkeys (D:5)
  2 gnoll shamans
  6 orc priests
  3 hounds
  3 iguanas
  4 orc wizards
  18 gnolls
  9 adders
  A shadow imp (D:7)
  A white imp (D:7)
  3 ufetubi (D:5)
  A worm (D:5)
  2 dart slugs
  37 orcs
  6 endoplasms
  2 giant cockroaches
  5 goblins
  4 hobgoblins
  4 jackals
  4 quokkas
  6 ball pythons
  4 bats
  4 frilled lizards
  33 kobolds
  9 rats
  A spectral hobgoblin (D:1)
254 creatures vanquished.

Vanquished Creatures (others)
  A fungus (Lair:1)
  6 plants (D:6)
7 creatures vanquished.

Grand Total: 261 creatures vanquished
